TOP OF THE 1ST |
Houston Hammertime batting - Pitching for Spokane Trappers : RHP José Ortíz
|
Pitching: RHP José Ortíz
|
|
Batting: SHB Martín Cruz
|
0-0: Ball 1-0: Ball 2-0: Ball 3-0: Base on Balls
|
Batting: RHB David Hernández
|
0-0: Called Strike 0-1: SINGLE (Line Drive, 3) Martín Cruz to second Martín Cruz to third
|
Batting: LHB José Esparza
|
0-0: Called Strike 0-1: SINGLE (Groundball, 34D) Martín Cruz scores David Hernández to second Runner from 2nd tries for 3rd, SAFE, throw made to third
|
Batting: LHB Frank Geddes
|
0-0: Ball 1-0: Foul Ball, location: 2F 1-1: Called Strike Balk! David Hernández scores José Esparza to second 1-2: Fly out, F7 (Flyball, 78D)
|
Batting: RHB John Major
|
0-0: Fly out, F6 (Line Drive, 6)
|
Batting: LHB António Camacho
|
0-0: Called Strike 0-1: Ball 1-1: Foul Ball, location: 2F 1-2: Ball 2-2: Fly out, F7 (Flyball, 7)
|
Top of the 1st over - 2 run(s), 2 hit(s), 0 error(s), 1 left on base; Houston 2 - Spokane 0 |
BOTTOM OF THE 1ST |
Spokane Trappers batting - Pitching for Houston Hammertime : LHP William Watson
|
Pitching: LHP William Watson
|
|
Batting: RHB Tony Hernández
|
0-0: Ball 1-0: Called Strike 1-1: Ball 2-1: Foul Ball, location: 2F 2-2: Ground out 4-3 (Groundball, 4)
|
Batting: RHB Enrique Mendoza
|
0-0: Ground out 6-3 (Groundball, 6)
|
Batting: RHB Enrique Soto
|
0-0: Foul Ball, location: 2F 0-1: Swinging Strike 0-2: Strikes out looking
|
Bottom of the 1st over - 0 run(s), 0 hit(s), 0 error(s), 0 left on base; Houston 2 - Spokane 0 |
TOP OF THE 2ND |
Houston Hammertime batting - Pitching for Spokane Trappers : RHP José Ortíz
|
Batting: RHB Dan Mason
|
0-0: Called Strike 0-1: Ball 1-1: Foul Ball, location: 2F 1-2: Ball 2-2: Ball 3-2: SINGLE (Line Drive, 7S)
|
Batting: RHB José García
|
0-0: Ball 1-0: Ball 2-0: Foul Ball, location: 2F 2-1: Ground out U3 (Groundball, 3S) Dan Mason to second
|
Batting: RHB Victor Andrews
|
0-0: Ball 1-0: Ball 2-0: Called Strike 2-1: SINGLE (Line Drive, 7S) Dan Mason to third
|
Batting: SHB Martín Cruz
|
0-0: Ball 1-0: Ball 2-0: Foul Ball, location: 2F 2-1: Called Strike 2-2: Ball 3-2: Strikes out swinging
|
Batting: RHB David Hernández
|
0-0: Called Strike 0-1: Ball 1-1: Ball 2-1: Ground out 5-3 (Groundball, 56S)
|
Top of the 2nd over - 0 run(s), 2 hit(s), 0 error(s), 2 left on base; Houston 2 - Spokane 0 |
BOTTOM OF THE 2ND |
Spokane Trappers batting - Pitching for Houston Hammertime : LHP William Watson
|
Batting: LHB Will Hill
|
0-0: Ball 1-0: Called Strike 1-1: Called Strike 1-2: Foul Ball, location: 2F 1-2: Strikes out looking
|
Batting: RHB Ramiro Ross
|
0-0: Foul Ball, location: 2F 0-1: Swinging Strike 0-2: Foul Ball, location: 2F 0-2: Foul Ball, location: 2F 0-2: Ball 1-2: Foul Ball, location: 2F 1-2: Ball 2-2: Strikes out looking
|
Batting: RHB Trent Rasmussen
|
0-0: Swinging Strike 0-1: Ball 1-1: Called Strike 1-2: Ground out 6-3 (Groundball, 6)
|
Bottom of the 2nd over - 0 run(s), 0 hit(s), 0 error(s), 0 left on base; Houston 2 - Spokane 0 |
TOP OF THE 3RD |
Houston Hammertime batting - Pitching for Spokane Trappers : RHP José Ortíz
|
Batting: LHB José Esparza
|
0-0: Swinging Strike 0-1: Ball 1-1: Ball 2-1: Ball 3-1: Swinging Strike 3-2: Strikes out looking
|
Batting: LHB Frank Geddes
|
0-0: Called Strike 0-1: SOLO HOME RUN (Flyball, 78D), Distance : 395 ft
|
Batting: RHB John Major
|
0-0: Called Strike 0-1: Swinging Strike 0-2: Fly out, F4 (Line Drive, 4)
|
Batting: LHB António Camacho
|
0-0: SINGLE (Groundball, 3D)
|
Batting: RHB Dan Mason
|
0-0: Ball 1-0: Ball 2-0: Foul Ball, location: 2F 2-1: Swinging Strike 2-2: Ball 3-2: SINGLE (Groundball, 3D) António Camacho to second António Camacho to third
|
Batting: RHB José García
|
0-0: Ground out U3 (Groundball, 34)
|
Top of the 3rd over - 1 run(s), 3 hit(s), 0 error(s), 2 left on base; Houston 3 - Spokane 0 |
BOTTOM OF THE 3RD |
Spokane Trappers batting - Pitching for Houston Hammertime : LHP William Watson
|
Batting: RHB Danny Spode
|
0-0: Called Strike 0-1: Ball 1-1: Ground out 6-3 (Groundball, 6)
|
Batting: RHB Clyde Kelley
|
0-0: Ball 1-0: Ball 2-0: SINGLE (Line Drive, 56D)
|
Batting: RHB Toru Nakanishi
|
0-0: Called Strike 0-1: 2-RUN HOME RUN (Flyball, 7LD), Distance : 365 ft
|
Batting: RHB Tony Hernández
|
0-0: Ball 1-0: Ground out 6-3 (Groundball, 6)
|
Batting: RHB Enrique Mendoza
|
0-0: Called Strike 0-1: Swinging Strike 0-2: Foul Ball, location: 2F 0-2: Ball 1-2: Ball 2-2: Strikes out swinging
|
Bottom of the 3rd over - 2 run(s), 2 hit(s), 0 error(s), 0 left on base; Houston 3 - Spokane 2 |
TOP OF THE 4TH |
Houston Hammertime batting - Pitching for Spokane Trappers : RHP José Ortíz
|
Batting: RHB Victor Andrews
|
0-0: Ball 1-0: Called Strike 1-1: Swinging Strike 1-2: Ground out 5-3 (Groundball, 56S)
|
Batting: SHB Martín Cruz
|
0-0: Fly out, F2 (Popup, 2L)
|
Batting: RHB David Hernández
|
0-0: SINGLE (Groundball, 56D)
|
Batting: LHB José Esparza
|
0-0: Foul Ball, location: 2F 0-1: Ball 1-1: Ball 2-1: Swinging Strike 2-2: Strikes out swinging
|
Top of the 4th over - 0 run(s), 1 hit(s), 0 error(s), 1 left on base; Houston 3 - Spokane 2 |
BOTTOM OF THE 4TH |
Spokane Trappers batting - Pitching for Houston Hammertime : LHP William Watson
|
Batting: RHB Enrique Soto
|
0-0: Called Strike 0-1: Called Strike 0-2: SINGLE (Groundball, 4S) (infield hit)
|
Batting: LHB Will Hill
|
0-0: Foul Ball, location: 2F 0-1: SINGLE (Groundball, 6MD) Enrique Soto to second
|
Batting: RHB Ramiro Ross
|
0-0: Called Strike 0-1: Foul Ball, location: 2F 0-2: Strikes out swinging
|
Batting: RHB Trent Rasmussen
|
0-0: Foul Ball, location: 2F 0-1: Swinging Strike 0-2: Strikes out swinging
|
Batting: RHB Danny Spode
|
0-0: Called Strike 0-1: Ball 1-1: Ball 2-1: Called Strike 2-2: Ball 3-2: Base on Balls Enrique Soto to third Will Hill to second
|
Batting: RHB Clyde Kelley
|
0-0: Ball 1-0: Called Strike 1-1: DOUBLE (Line Drive, 7LS) Enrique Soto scores Will Hill scores Danny Spode to third Runner from 3rd tries for Home, SAFE, no throw
|
Batting: RHB Toru Nakanishi
|
0-0: Foul Ball, location: 2F 0-1: Ball 1-1: Foul Ball, location: 2F 1-2: Strikes out looking
|
Bottom of the 4th over - 3 run(s), 3 hit(s), 0 error(s), 1 left on base; Houston 3 - Spokane 5 |
TOP OF THE 5TH |
Houston Hammertime batting - Pitching for Spokane Trappers : RHP José Ortíz
|
Batting: LHB Frank Geddes
|
0-0: Swinging Strike 0-1: Ball 1-1: Foul Ball, location: 2F 1-2: Ground out U3 (Groundball, 3)
|
Batting: RHB John Major
|
0-0: SINGLE (Line Drive, 56D)
|
Batting: LHB António Camacho
|
0-0: Ball 1-0: Ball 2-0: Ground out 4-3 (Groundball, 34) John Major to second
|
Batting: RHB Dan Mason
|
0-0: Called Strike 0-1: Ball 1-1: Ball 2-1: Foul Ball, location: 2F 2-2: Foul Ball, location: 2F 2-2: Ground out 4-3 (Groundball, 4)
|
Top of the 5th over - 0 run(s), 1 hit(s), 0 error(s), 1 left on base; Houston 3 - Spokane 5 |
BOTTOM OF THE 5TH |
Spokane Trappers batting - Pitching for Houston Hammertime : LHP William Watson
|
Batting: RHB Tony Hernández
|
0-0: Fly out, F8 (Flyball, 8LS)
|
Batting: RHB Enrique Mendoza
|
0-0: Ground out 4-3 (Groundball, 4)
|
Batting: RHB Enrique Soto
|
0-0: SINGLE (Flyball, 8LS)
|
Batting: LHB Will Hill
|
0-0: Ball 1-0: Swinging Strike 1-1: Fielders Choice at 2nd, 4-6 (Groundball, 4)
|
Bottom of the 5th over - 0 run(s), 1 hit(s), 0 error(s), 0 left on base; Houston 3 - Spokane 5 |
TOP OF THE 6TH |
Houston Hammertime batting - Pitching for Spokane Trappers : RHP José Ortíz
|
Pitching: LHP Adrián León
|
|
Batting: RHB José García
|
0-0: Ball 1-0: SINGLE (Groundball, 4D)
|
Batting: RHB Victor Andrews
|
0-0: Ball 1-0: Swinging Strike José García steals 2nd base 1-1: Ball 2-1: Foul Ball, location: 2F 2-2: Ball 3-2: Base on Balls
|
Batting: SHB Martín Cruz
|
0-0: Called Strike 0-1: Foul Ball, location: 2F 0-2: Ball 1-2: Ball 2-2: DOUBLE (Flyball, 8LM) José García scores Victor Andrews to third
|
Batting: RHB David Hernández
|
0-0: Called Strike 0-1: Swinging Strike 0-2: Ball 1-2: Ball 2-2: Strikes out looking
|
Batting: LHB José Esparza
|
0-0: Ball 1-0: Called Strike 1-1: Ball 2-1: Foul Ball, location: 2F 2-2: Ball 3-2: Fly out, F9 (Flyball, 9S)
|
Batting: LHB Frank Geddes
|
0-0: Ball 1-0: Foul Ball, location: 2F 1-1: Foul Ball, location: 2F 1-2: Ground out 4-3 (Groundball, 4)
|
Top of the 6th over - 1 run(s), 2 hit(s), 0 error(s), 2 left on base; Houston 4 - Spokane 5 |
BOTTOM OF THE 6TH |
Spokane Trappers batting - Pitching for Houston Hammertime : LHP William Watson
|
Batting: RHB Ramiro Ross
|
0-0: Swinging Strike 0-1: Foul Ball, location: 2F 0-2: Ball 1-2: Fly out, F8 (Flyball, 89S)
|
Batting: RHB Trent Rasmussen
|
0-0: Ball 1-0: Ball 2-0: Ball 3-0: Ground out 4-3 (Groundball, 34)
|
Batting: RHB Danny Spode
|
0-0: Ball 1-0: Ball 2-0: SINGLE (Flyball, 8LS)
|
Batting: RHB Pedro Rodríguez
|
0-0: Foul Ball, location: 2F 0-1: Called Strike 0-2: Strikes out swinging
|
Bottom of the 6th over - 0 run(s), 1 hit(s), 0 error(s), 1 left on base; Houston 4 - Spokane 5 |
TOP OF THE 7TH |
Houston Hammertime batting - Pitching for Spokane Trappers : LHP Adrián León
|
Now at 2B: Pedro Rodríguez
|
|
Batting: RHB John Major
|
0-0: Foul Ball, location: 2F 0-1: Ball 1-1: Ball 2-1: Foul Ball, location: 2F 2-2: Ball 3-2: Foul Ball, location: 2F 3-2: Base on Balls
|
Batting: LHB António Camacho
|
0-0: Called Strike 0-1: Bunted foul 0-2: Ball 1-2: Ball 2-2: Foul Ball, location: 2F 2-2: Ball 3-2: Foul Ball, location: 2F 3-2: Strikes out swinging
|
Pitching: LHP Júlio Hernández
|
|
Batting: RHB Dan Mason
|
0-0: Called Strike 0-1: Swinging Strike 0-2: Foul Ball, location: 2F 0-2: Ball 1-2: Strikes out swinging
|
Pinch Hitting: RHB Santo Cruz
|
0-0: Called Strike 0-1: Swinging Strike 0-2: Ball 1-2: Foul Ball, location: 2F 1-2: Ball 2-2: 2-RUN HOME RUN (Flyball, 7D), Distance : 375 ft
|
Batting: RHB Victor Andrews
|
0-0: Ball 1-0: Called Strike 1-1: Swinging Strike 1-2: Ball 2-2: Foul Ball, location: 2F 2-2: Ground out 4-3 (Groundball, 4M)
|
Top of the 7th over - 2 run(s), 1 hit(s), 0 error(s), 0 left on base; Houston 6 - Spokane 5 |
BOTTOM OF THE 7TH |
Spokane Trappers batting - Pitching for Houston Hammertime : LHP William Watson
|
Now at 2B: Santo Cruz
|
|
Batting: RHB Toru Nakanishi
|
0-0: Called Strike 0-1: Ball 1-1: Foul Ball, location: 2F 1-2: Foul Ball, location: 2F 1-2: Ball 2-2: Ground out 1-3 (Groundball, 13S)
|
Batting: RHB Tony Hernández
|
0-0: Ball 1-0: Foul Ball, location: 2F 1-1: Foul Ball, location: 2F 1-2: Foul Ball, location: 2F 1-2: Strikes out swinging
|
Batting: RHB Enrique Mendoza
|
0-0: Ball 1-0: Fly out, F8 (Flyball, 78M)
|
Bottom of the 7th over - 0 run(s), 0 hit(s), 0 error(s), 0 left on base; Houston 6 - Spokane 5 |
TOP OF THE 8TH |
Houston Hammertime batting - Pitching for Spokane Trappers : LHP Júlio Hernández
|
Batting: SHB Martín Cruz
|
0-0: Foul Ball, location: 2F 0-1: Ball 1-1: Foul Ball, location: 2F 1-2: Foul Ball, location: 2F 1-2: Ball 2-2: Fly out, F8 (Flyball, 8RD)
|
Batting: RHB David Hernández
|
0-0: Ball 1-0: Called Strike 1-1: Ball 2-1: SINGLE (Line Drive, 6MD)
|
Batting: LHB José Esparza
|
0-0: Ball 1-0: Called Strike 1-1: Foul Ball, location: 2F 1-2: Ball 2-2: Ball 3-2: SINGLE (Groundball, 34) (infield hit) David Hernández to second
|
Batting: LHB Frank Geddes
|
0-0: Called Strike 0-1: Ball 1-1: Called Strike 1-2: Ball 2-2: Foul Ball, location: 2F 2-2: Fly out, F4 (Popup, 3D)
|
Batting: RHB John Major
|
0-0: SINGLE (Groundball, 6MD) David Hernández to third José Esparza to second Runner from 3rd tries for Home, SAFE, throw made home José Esparza to third John Major to second
|
Pitching: RHP Ching-wei Zi
|
|
Pinch Hitting: LHB Leonardo Medina
|
0-0: Ball 1-0: Foul Ball, location: 2F 1-1: Foul Ball, location: 2F 1-2: Ball 2-2: Ground out 4-3 (Groundball, 34)
|
Top of the 8th over - 1 run(s), 3 hit(s), 0 error(s), 2 left on base; Houston 7 - Spokane 5 |
BOTTOM OF THE 8TH |
Spokane Trappers batting - Pitching for Houston Hammertime : LHP William Watson
|
Now in LF: Leonardo Medina
|
|
Batting: RHB Enrique Soto
|
0-0: Ball 1-0: Swinging Strike 1-1: Swinging Strike 1-2: Ball 2-2: Strikes out swinging
|
Pitching: RHP Brandon Williams
|
|
Batting: LHB Will Hill
|
0-0: Called Strike 0-1: Ground out 1-3 (Groundball, 13)
|
Batting: RHB Ramiro Ross
|
0-0: Called Strike 0-1: Foul Ball, location: 2F 0-2: Ball 1-2: SOLO HOME RUN (Flyball, 7LD), Distance : 370 ft
|
Pitching: RHP José Ortíz
|
|
Batting: RHB Trent Rasmussen
|
0-0: Ground out 5-3 (Groundball, 56)
|
Bottom of the 8th over - 1 run(s), 1 hit(s), 0 error(s), 0 left on base; Houston 7 - Spokane 6 |
TOP OF THE 9TH |
Houston Hammertime batting - Pitching for Spokane Trappers : RHP Ching-wei Zi
|
Batting: RHB Dan Mason
|
0-0: Called Strike 0-1: SINGLE (Groundball, 6MD)
|
Pinch Hitting: LHB Juan Cabańas
|
0-0: Reached on error, E2 (Groundball, 2L) Dan Mason to third
|
Pinch Hitting: LHB Pat Jones
|
0-0: Intentional Walk
|
Pinch Hitting: LHB Enrique Valentín
|
0-0: Ball 1-0: Ball 2-0: Ball 3-0: Called Strike 3-1: Called Strike 3-2: Foul Ball, location: 2F 3-2: Base on Balls Dan Mason scores Juan Cabańas to third Pat Jones to second
|
Batting: RHB David Hernández
|
0-0: Foul Ball, location: 2F 0-1: Ball 1-1: Foul Ball, location: 2F 1-2: Grounds into fielders choice 4-2 (Groundball, 4) Pat Jones to third Enrique Valentín to second
|
Batting: LHB José Esparza
|
0-0: Ball 1-0: Called Strike 1-1: Foul Ball, location: 2F 1-2: Foul Ball, location: 2F 1-2: Foul Ball, location: 2F 1-2: Foul Ball, location: 2F 1-2: Foul Ball, location: 2F 1-2: Foul Ball, location: 2F 1-2: Fly out, F8 (Flyball, 8LM) Throwing error, E8 Pat Jones scores Enrique Valentín to third David Hernández to second
|
Batting: LHB Frank Geddes
|
0-0: Called Strike 0-1: Ball 1-1: Fly out, F7 (Flyball, 78M)
|
Top of the 9th over - 2 run(s), 1 hit(s), 2 error(s), 2 left on base; Houston 9 - Spokane 6 |
BOTTOM OF THE 9TH |
Spokane Trappers batting - Pitching for Houston Hammertime : RHP José Ortíz
|
Pitching: LHP Júlio Aguilar
|
|
Now at C: Ánibal Pérez
|
|
Now at 2B: Luis Miguel Sánchez
|
|
Now at 3B: Pat Jones
|
|
Batting: RHB Danny Spode
|
0-0: Foul Ball, location: 2F 0-1: Ball 1-1: Ground out 6-3 (Groundball, 6)
|
Batting: RHB Pedro Rodríguez
|
0-0: Ball 1-0: Called Strike 1-1: Ball 2-1: Ball 3-1: Called Strike 3-2: Foul Ball, location: 2F 3-2: Base on Balls
|
Batting: RHB Toru Nakanishi
|
0-0: Foul Ball, location: 2F 0-1: Ball 1-1: Foul Ball, location: 2F 1-2: Strikes out swinging
|
Batting: RHB Tony Hernández
|
0-0: Called Strike 0-1: Ball 1-1: Ball 2-1: Called Strike 2-2: Foul Ball, location: 2F 2-2: Ball 3-2: SINGLE (Flyball, 78S) Pedro Rodríguez to second Pedro Rodríguez to third
|
Batting: RHB Enrique Mendoza
|
0-0: Ball 1-0: Called Strike 1-1: Swinging Strike 1-2: Strikes out swinging
|
Bottom of the 9th over - 0 run(s), 1 hit(s), 0 error(s), 2 left on base; Houston 9 - Spokane 6 |
|